 Dungeon Crawl Stone Soup version 0.24-a0-291-g79c1ce7 (webtiles) character file.

Game seed: 11699307474043502688

30 galech the Skirmisher (level 3, 22/29 HPs)
             Began as a Demonspawn Fighter on May 9, 2019.
             Quit the game on level 1 of the Dungeon.
             The game lasted 00:00:41 (314 turns).

galech the Skirmisher (Demonspawn Fighter)           Turns: 314, Time: 00:00:42

Health: 22/29      AC:  6    Str: 16    XL:     3   Next: 5%
Magic:  3/3        EV:  6    Int:  9    God:
Gold:   35         SH:  9    Dex: 13    Spells: 2/2 levels left

rFire    . . .     SeeInvis .   a - +0 war axe
rCold    . . .     Gourm    .   c - +0 shield
rNeg     . . .     Faith    .   b - +0 scale mail
rPois    .         Spirit   .   (no helmet)
rElec    .         Reflect  .   (no cloak)
rCorr    .         Harm     .   (no gloves)
MR       .....                  (no boots)
Stlth    ..........             (no amulet)
HPRegen  0.09/turn              (no ring)
MPRegen  0.08/turn              (no ring)

@: no status effects
A: demonic guardian 1, spiny 1
a: no special abilities


You were on level 1 of the Dungeon.
You were not hungry.

You visited 1 branch of the dungeon, and saw 1 of its levels.

You collected 35 gold pieces.

Inventory:

Hand Weapons
 a - a +0 war axe (weapon)
Armour
 b - a +0 scale mail (worn)
 c - a +0 shield (worn)
Scrolls
 e - a scroll of identify {unknown}
 i - a scroll of random uselessness {unknown}
 j - a scroll of teleportation {unknown}
Potions
 d - a potion of might
 h - 2 potions of magic {unknown}
Comestibles
 f - 3 rations
 g - 3 chunks of flesh


   Skills:
 + Level 3.2 Fighting
 + Level 2.3 Axes
 + Level 3.0 Armour
 + Level 2.9 Shields


You had 2 spell levels left.
You didn't know any spells.
Your spell library was empty.

Dungeon Overview and Level Annotations

Branches:
Dungeon (1/15)

Altars:


Innate Abilities, Weirdness & Mutations

A weak demonic guardian rushes to your aid.
You are partially covered in sharp spines.


Message History

The goblin is struck by your spines. The goblin hits you but does no damage.
You hit the goblin.
You kill the goblin!
You barely miss the goblin. You block the goblin's attack. x2
Your shield and scale mail prevent you from hitting the goblin.
You block the goblin's attack.
You completely miss the goblin. You block the goblin's attack. x2
You slash the goblin!
You kill the goblin!
No target in view!
No target in view!
No target in view!
No target in view!
No target in view!
No target in view!
No target in view!
No target in view!
No target in view!
No target in view!
Are you sure you want to abandon this character and quit the game? (Confirm with "yes".)

.....
#..#####.#
#...# #.
#........#
#...# # #.
#.########
.... #.
#.. #.# ..
.#.. #.#
.. ...##.#
.. #..#.#
#)#.#
#.@.#
##..# #.>#
##.# #.#
#.# #.# .#


There were no monsters in sight!

Vanquished Creatures
  A dart slug (D:1)
  3 giant cockroaches (D:1)
  2 goblins (D:1)
  4 hobgoblins (D:1)
  4 jackals (D:1)
  3 bats (D:1)
  3 frilled lizards (D:1)
  9 rats (D:1)
29 creatures vanquished.

Notes
Turn   | Place    | Note
-------+----------+-------------------------------------------
     0 | D:1      | galech the Demonspawn Fighter began the quest for the Orb.
     0 | D:1      | Reached XP level 1. HP: 18/18 MP: 1/1
    72 | D:1      | Gained mutation: A weak demonic guardian rushes to your
                  | aid. [demonic ancestry]
    72 | D:1      | Reached XP level 2. HP: 23/24 MP: 2/2
   308 | D:1      | Gained mutation: You are partially covered in sharp spines.
                  | [demonic ancestry]
   308 | D:1      | Reached XP level 3. HP: 21/29 MP: 3/3
   314 | D:1      | Quit the game

Levels and vault maps discovered:
D:1:      onia_arrival_larder, layout_basic

Skill      XL: |  1  2 |
---------------+-------+-----
Axes           | 2 |  2.3
Armour         | 3 |  3.0
Fighting       | |  3.2
Shields        | |  2.9

Action                   || total
-------------------------++-------
Melee: War axe           ||    83
Armor: Scale mail        ||    54
Dodge: Dodged            ||    21
Block: Shield            ||    40

Table legend:
 A = Non-vault XP
 B = Vault XP
 C = Vault XP percentage of total XP
 D = Non-vault monster count
 E = Vault monster count
 F = Vault count percentage of total count
                 A         B        C        D         E       F
            +---------+---------+-------+---------+---------+-------
      Total |      39 |       5 |  11.4 |      24 |       5 |  17.2
            +---------+---------+-------+---------+---------+-------
        D:1 |      39 |       5 |  11.4 |      24 |       5 |  17.2
            +---------+---------+-------+---------+---------+-------
